 Dungeon Crawl Stone Soup version 0.23.2-1-ga50397a6bc (webtiles) character file.

Game seed: 1397188938526508445

5977 Gunterle the Geomancer (level 10, -7/69 HPs)
             Began as a Ghoul Earth Elementalist on May 25, 2019.
             Was a Believer of Vehumet.
             Mangled by an orc warrior
             ... wielding a +0 long sword
              (16 damage)
             ... on level 8 of the Dungeon.
             The game lasted 00:55:53 (10504 turns).

Gunterle the Geomancer (Ghoul Earth Elementalist)  Turns: 10504, Time: 00:55:53

Health: -7/69      AC:  6    Str: 16    XL:     10   Next: 84%
Magic:  23/28      EV: 12    Int: 18    God:    Vehumet [**....]
Gold:   122        SH:  0    Dex:  9    Spells: 7/22 levels left

rFire    . . .     SeeInvis +   v - +9 short sword "Tuodash" {pierce, Str+3}
rCold    + . .     Gourm    .   (no shield)
rNeg     + + +     Faith    .   c - +0 robe
rPois    ∞         Spirit   .   q - +3 hat of Pondering {ponderous, MR+ MP+10 Int+5}
rElec    .         Reflect  .   (no cloak)
rCorr    .         Harm     .   (no gloves)
MR       +....                  E - +0 pair of boots
Stlth    ++........             (no amulet)
HPRegen  0.00/turn              Q - ring of see invisible
MPRegen  0.21/turn              A - ring of flight

@: rotting, studying Dodging, slow
A: rotting body, claws 1, carnivore, cold resistance 1, negative energy
resistance 3, inhibited regeneration, torment resistance, unbreathing
a: Renounce Religion, Evoke Flight


You were on level 8 of the Dungeon.
You worshipped Vehumet.
Vehumet was pleased with you.
You were not hungry.

You visited 2 branches of the dungeon, and saw 10 of its levels.

You collected 455 gold pieces.
You spent 333 gold pieces at shops.

Inventory:

Hand Weapons
 g - a +2 dagger of protection
 h - the cursed +1 dagger "Kenluwk" {drain, Str+2}
   (You found it on level 5 of the Dungeon)

   A truly terrible weapon, it drains the life of those it strikes.
   It affects your strength (+2).
   It has a curse placed upon it.
 t - a +0 dagger of venom
 v - the +9 short sword "Tuodash" (weapon) {pierce, Str+3}
   (You bought it in a shop on level 8 of the Dungeon)

   It inflicts extra damage upon your enemies.
   It affects your strength (+3).
 y - a +0 spear
 O - a +2 dagger of draining
 P - a +1 whip of freezing
Missiles
 b - 57 stones (quivered)
 f - 22 poisoned needles
 i - 186 arrows
 m - 19 sling bullets
 n - 78 bolts
 z - a throwing net
 D - 6 curare-tipped needles
Armour
 c - a +0 robe (worn)
 o - a +0 buckler
 q - the +3 hat of Pondering (worn) {ponderous, MR+ MP+10 Int+5}
   (You took it off Gastronok on level 8 of the Dungeon)

   It affects your intelligence (+5).
   It affects your resistance to hostile enchantments.
   It affects your magic capacity (+10).
 u - a +4 ring mail
 E - a +0 pair of boots (worn)
 F - the +3 leather armour "Cifergh" {rPois rC+ Regen+ Int-3}
   (You found it on level 5 of the Dungeon)

   It affects your intelligence (-3).
   It protects you from cold.
   It protects you from poison.
   It increases your rate of regeneration.
 V - the +0 helmet of the Suburbs {rF+ Str+7}
   (You found it on level 7 of the Dungeon)

   It affects your strength (+7).
   It protects you from fire.
Magical Staves
 H - an uncursed staff of cold
Jewellery
 A - a ring of flight (right claw)
 Q - a ring of see invisible (left claw)
 T - an uncursed ring of ice
Wands
 l - a wand of polymorph (12)
 w - a wand of digging (12)
 C - a wand of flame (7)
Scrolls
 j - a scroll of identify
 p - a scroll of teleportation
 r - 5 scrolls of magic mapping
 I - a scroll of enchant armour {unknown}
 L - a scroll of blinking {unknown}
 M - 2 scrolls of remove curse
 R - a scroll of enchant weapon {unknown}
 U - a scroll of fog {unknown}
Potions
 a - 2 potions of lignification
 e - 6 potions of curing
 k - 5 potions of mutation
 B - a potion of haste
 G - a potion of heal wounds {unknown}
 J - 2 potions of magic
 K - 2 potions of might {unknown}
Books
 x - a manual of Dodging
Comestibles
 d - 14 rations
 s - 6 chunks of flesh


   Skills:
 + Level 0.2 Fighting
 + Level 3.9 Short Blades
 + Level 1.9 Dodging
 - Level 2.1 Stealth
 * Level 6.5 Spellcasting
 + Level 6.7 Conjurations
 + Level 3.6 Transmutations
 * Level 11.0 Earth Magic
 + Level 0.1 Evocations


You had 7 spell levels left.
You knew the following spells:

 Your Spells              Type           Power        Failure   Level  Hunger
a - Sandblast             Erth           #####.       1%          1    None
b - Stone Arrow           Conj/Erth      #####.       1%          3    ##.....
c - Lee's Rapid Deconstr  Erth           #####.....   3%          5    #####..
d - Passwall              Tmut/Erth      ####....     1%          2    None
e - Petrify               Tmut/Erth      ####....     5%          4    ####...

Your spell library contained the following spells:

 Spells                   Type           Power        Failure   Level  Hunger
 Flame Tongue             Conj/Fire      ###..        2%          1    None


Dungeon Overview and Level Annotations

Branches:
Dungeon (9/15)             Temple (1/1) D:5
   Lair: D:8-11         Orc: D:9-12

Altars:
Ashenzari
Cheibriados
Dithmenos
Elyvilon
Fedhas
Gozag
Hepliaklqana
Kikubaaqudgha
Makhleb
Nemelex Xobeh
Okawaru
Qazlal
Ru
Sif Muna
Trog
Uskayaw
Vehumet
Wu Jian
Xom
Yredelemnul
Zin
The Shining One
Lugonu

Shops:
D:6 }   D:7 =[==   D:8 (


Innate Abilities, Weirdness & Mutations

Your body is rotting away.
You thrive on raw meat.
You are immune to poison.
You have sharp fingernails.
You are carnivorous and can eat meat at any time.
Your flesh is cold resistant. (rC+)
You are immune to negative energy. (rN+++)
You do not regenerate when monsters are visible.
You are immune to unholy pain and torment.
You can survive without breathing.


Message History

The orc warrior is heavily wounded.
The orc warrior closely misses you.
You closely miss the orc warrior.
The orc warrior is heavily wounded.
The orc warrior hits you with a +0 long sword!
Casting: Stone Arrow (safe; 1% risk of failure)
Confirm with . or Enter, or press ? or * to list all spells.
Aiming: Stone Arrow (safe; 1% risk of failure)
Press: ? - help, Shift-Dir - straight line, f - orc warrior
Aim: an orc warrior, wielding a +0 long sword and wearing a +0 plate armour (heavily wounded)
The stone arrow misses the orc warrior.
The orc warrior hits you with a +0 long sword!
* * * LOW HITPOINT WARNING * * *
There is an open door here.
The orc warrior hits you with a +0 long sword!
* * * LOW HITPOINT WARNING * * *
Okay, then.
You feel better.
The orc warrior hits you with a +0 long sword!
You die...

#........# #..........#....
#........# #####.....##....
####'#.#.# #.....##....
#...#.#.#######.....#####.
#.#>......................
######.##........##############
##................#
##..###.###.....o..#
#..#...#...#...)@..#
..###.###..#.......#
.#.#.#.#.#.#.......#
###.###[###........# #####
.#.#.#.#.#[........#### #....
..###.###....#........# #.###
...#...#..####........# #.#<#
###.###..## #........# #.#.#
........## ##.......#######.#.#


You could see an orc warrior.

Vanquished Creatures
  Gastronok (D:8)
  Pikel (D:5)
  Prince Ribbit (D:6)
  A spriggan (D:7)
  Duvessa (D:6)
  An ice beast (D:8)
  An orc warrior (D:7)
  6 sky beasts
  3 ogres (D:8)
  10 centaurs
  2 bullfrogs
  Dowan (D:6)
  4 scorpions
  2 howler monkeys
  6 crimson imps
  5 hounds
  5 orc wizards
  4 orc priests
  2 centaur skeletons
  Terence (D:2)
  2 iguanas
  4 worker ants
  A killer bee zombie (D:2)
  A hound zombie (D:7)
  A worker ant zombie (D:7)
  10 gnolls
  10 adders
  3 shadow imps
  5 adder skeletons
  5 worms
  2 dart slugs (D:4)
  7 leopard geckos
  15 orcs
  2 ball pythons
  4 giant cockroaches
  11 goblins
  7 hobgoblins
  4 jackals (D:6)
  4 quokkas
  14 bats
  6 frilled lizards
  2 jackal skeletons
  7 kobolds
  A leopard gecko zombie (D:5)
  5 rats
191 creatures vanquished.

Vanquished Creatures (others)
  An ice beast (D:6)
  An adder skeleton (D:6)
  A leopard gecko (D:6)
3 creatures vanquished.

Grand Total: 194 creatures vanquished

Notes
Turn   | Place    | Note
-------+----------+-------------------------------------------
     0 | D:1      | Gunterle the Ghoul Earth Elementalist began the quest for
                  | the Orb.
     0 | D:1      | Reached XP level 1. HP: 14/14 MP: 2/2
   233 | D:1      | Reached XP level 2. HP: 20/20 MP: 0/3
   253 | D:1      | Reached skill level 4 in Earth Magic
   599 | D:1      | Reached XP level 3. HP: 9/26 MP: 1/4
  1237 | D:2      | Noticed Terence
  1278 | D:2      | Killed Terence
  1278 | D:2      | Reached skill level 5 in Earth Magic
  1278 | D:2      | Reached XP level 4. HP: 12/30 MP: 1/5
  1359 | D:2      | Found a glowing golden altar of the Shining One.
  1394 | D:2      | Found a bloodstained altar of Trog.
  1997 | D:2      | Learned a level 3 spell: Stone Arrow
  2161 | D:2      | Found a shadowy altar of Dithmenos.
  2212 | D:2      | Reached skill level 6 in Earth Magic
  2212 | D:2      | Reached XP level 5. HP: 34/38 MP: 4/6
  2705 | D:3      | Reached skill level 1 in Conjurations
  2805 | D:3      | Found an ancient bone altar of Kikubaaqudgha.
  3723 | D:4      | Reached XP level 6. HP: 37/45 MP: 7/7
  4261 | D:4      | Reached skill level 7 in Earth Magic
  4446 | D:4      | Reached XP level 7. HP: 46/50 MP: 6/9
  5392 | D:5      | Entered Level 5 of the Dungeon
  5484 | D:5      | Found a staircase to the Ecumenical Temple.
  5493 | Temple   | Entered the Ecumenical Temple
  5539 | Temple   | Became a worshipper of Vehumet
  5665 | D:5      | Got a bloodstained dagger
  5666 | D:5      | Identified the cursed +1 dagger "Kenluwk" {drain, Str+2}
                  | (You found it on level 5 of the Dungeon)
  5748 | D:5      | Got a warped leather armour
  5915 | D:5      | Found a faded altar of an unknown god.
  5915 | D:5      | Found a blossoming altar of Fedhas.
  5920 | D:5      | Found a sacrificial altar of Ru.
  5922 | D:5      | Found a glowing silver altar of Zin.
  5923 | D:5      | Found a shimmering altar of Xom.
  6019 | D:5      | Learned a level 5 spell: Lee's Rapid Deconstruction
  6163 | D:5      | Reached skill level 8 in Earth Magic
  6287 | D:5      | Found an opulent altar of Gozag.
  6291 | D:5      | Found a white marble altar of Elyvilon.
  6295 | D:5      | Found a shattered altar of Ashenzari.
  6335 | D:5      | Found an ornate altar of the Wu Jian Council.
  6363 | D:5      | Reached XP level 8. HP: 47/57 MP: 6/11
  6825 | D:6      | Identified the +3 leather armour "Cifergh" {rPois rC+
                  | Regen+ Int-3} (You found it on level 5 of the Dungeon)
  7002 | D:6      | Reached * piety under Vehumet
  7002 | D:6      | Offered knowledge of Sting by Vehumet.
  7115 | D:6      | Found Xikkyeno's Gadget Emporium.
  7117 | D:6      | Noticed Prince Ribbit
  7122 | D:6      | Killed Prince Ribbit
  7122 | D:6      | Reached skill level 9 in Earth Magic
  7200 | D:6      | Noticed Duvessa
  7227 | D:6      | Killed Duvessa
  7229 | D:6      | Noticed Dowan
  7232 | D:6      | Killed Dowan
  7232 | D:6      | Reached XP level 9. HP: 62/62 MP: 6/14
  7355 | D:6      | Noticed Pikel
  7367 | D:5      | Killed Pikel
  7367 | D:5      | Reached skill level 5 in Spellcasting
  7367 | D:5      | Reached skill level 5 in Conjurations
  8228 | D:6      | Reached skill level 10 in Earth Magic
  8479 | D:6      | Reached skill level 1 in Short Blades
  8848 | D:6      | Learned a level 2 spell: Passwall
  8853 | D:6      | Learned a level 4 spell: Petrify
  8952 | D:7      | Reached skill level 1 in Transmutations
  9015 | D:7      | Found Xazxez's Jewellery Boutique.
  9044 | D:7      | Found Jonyg's Antique Armour Shoppe.
  9051 | D:7      | Found Ulirr's Jewellery Boutique.
  9068 | D:7      | Bought an uncursed ring of see invisible for 165 gold
                  | pieces
  9272 | D:7      | Reached ** piety under Vehumet
  9273 | D:7      | Offered knowledge of Flame Tongue by Vehumet.
  9273 | D:7      | Reached XP level 10. HP: 60/69 MP: 12/17
  9299 | D:7      | Got a smoking helmet
  9305 | D:7      | Identified the cursed +0 helmet of the Suburbs {rF+ Str+7}
                  | (You found it on level 7 of the Dungeon)
  9505 | D:7      | Found Syrhea's Jewellery Shop.
  9749 | D:8      | Found a hazy altar of Hepliaklqana.
  9768 | D:8      | Noticed Gastronok
  9803 | D:8      | Killed Gastronok
 10107 | D:8      | Found Dolixoz's Antique Weapon Boutique.
 10110 | D:8      | Bought a faintly glowing short sword for 168 gold pieces
 10288 | D:8      | Found a snail-covered altar of Cheibriados.
 10450 | D:9      | Identified the +9 short sword "Tuodash" {pierce, Str+3}
                  | (You bought it in a shop on level 8 of the Dungeon)
 10458 | D:9      | Reached skill level 11 in Earth Magic
 10501 | D:8      | HP: 1/69 [orc warrior/+0 long sword (15)]
 10504 | D:8      | Mangled by an orc warrior

Skill      XL: |  1  2  3  4  5  6  7  8  9 10 |
---------------+-------------------------------+-----
Earth Magic    | 4 5 6 7 8 9 10 11 | 11.0
Conjurations   | 1 2 3 4 6 |  6.7
Spellcasting   | 2 3 4 5 6 |  6.5
Short Blades   | 2 3 |  3.9
Transmutations | 1 3 |  3.6
Fighting       | |  0.2
Dodging        | |  1.9
Stealth        | |  2.1
Evocations     | |  0.1

Action                   |  1- 3 |  4- 6 |  7- 9 | 10-12 || total
-------------------------+-------+-------+-------+-------++-------
Melee: Unarmed           |     9 |       |       |       ||     9
       Dagger            |   111 |   209 |    76 |    21 ||   417
       Short sword       |       |       |       |     4 ||     4
Throw: Throwing net      |       |       |     3 |       ||     3
 Cast: Sandblast         |    18 |    67 |   101 |    42 ||   228
       Stone Arrow       |       |       |    27 |    17 ||    44
       Lee's Rapid Decon |       |       |    14 |       ||    14
       Petrify           |       |       |     1 |       ||     1
Evoke: Wand              |       |       |     8 |     1 ||     9
  Use: Scroll            |       |     5 |     8 |     2 ||    15
       Potion            |       |     2 |     1 |     4 ||     7
 Stab: Sleeping          |     2 |     5 |     5 |     1 ||    13
       Petrified         |       |       |    10 |       ||    10
  Eat: Chunk             |     1 |    22 |    23 |     1 ||    47
       Ration            |       |       |     3 |       ||     3
Armor: Robe              |    50 |    72 |    28 |     8 ||   158
Dodge: Dodged            |    74 |   156 |    98 |     9 ||   337
